 Dungeon Sprint DCSS version 0.30-a0-711-gf4ac18a38d (webtiles) character file.

Game seed: 16394426977190985367

11816 PLAYERX the Nimble (level 11, -6/97 HPs)
             Began as a Gnoll Monk on Jan 22, 2023.
             Was the Champion of Makhleb.
             Killed from afar by a frost giant (10 damage)
             ... with a bolt of cold
             ... in the Dungeon (Sprint V: "Ziggurat Sprint").
             The game lasted 00:22:53 (500 turns).

PLAYERX the Nimble (Gnoll Monk)                      Turns: 500, Time: 00:22:54

Health: -6/97      AC: 31    Str: 26    XL:     11   Next: 83%
Magic:  26/26      EV:  4    Int: 15    God:    Makhleb [******]
Gold:   0          SH: 30    Dex: 15    Spells: 32/32 levels left

rFire   . . .      SeeInvis .    u - +11 Screaming Sword {sonic wave}
rCold   . . .      Faith    .    a - +18 shield of the Gong {Loud rElec rN+ Will+ EV-5}
rNeg    + . .      Spirit   .    j - +5 crystal plate armour
rPois   .          Reflect  .    g - +2 helmet {Int+3}
rElec   +          Harm     .    k - +0 cloak {rCorr}
rCorr   +          Rampage  .    (no gloves)
Will    +....      NoTele   +    (no boots) Stlth
                                 l - amulet "Osure" {RegenMP Int+2 Slay+5 Stlth+}
HPRegen 0.36/turn                n - +6 ring of strength
MPRegen 0.60/turn                o - +6 ring of strength

@: no status effects
A: fangs 1, strong nose, distributed training
a: Renounce Religion, Minor Destruction, Lesser Servant of Makhleb, Major
Destruction, Greater Servant of Makhleb


You were in the Dungeon.
You worshipped Makhleb.
Makhleb was exalted by your worship.
You visited 1 branch

Inventory:

Hand Weapons
 u - the +11 Screaming Sword (weapon) {sonic wave}
   (You found it in the Dungeon)
Armour
 a - the +18 shield of the Gong (worn) {Loud rElec rN+ Will+ EV-5}
   (You found it in the Dungeon)

   Loud:      It is deafeningly noisy when blocking attacks.
   EV:        It affects your evasion (-5).
   rElec:     It insulates you from electricity.
   rN:        It protects you from negative energy.
   Will:      It increases your willpower.
 g - a +2 helmet of intelligence (worn)
 j - a +5 crystal plate armour (worn)
 k - a +0 cloak of preservation (worn)
Jewellery
 b - a ring of flight
 l - the amulet "Osure" (around neck) {RegenMP Int+2 Slay+5 Stlth+}
   (You found it in the Dungeon)

   [amulet of magic regeneration]

   It increases your rate of magic regeneration.
   Int:       It affects your intelligence (+2).
   Slay:      It affects your accuracy & damage with ranged weapons and melee
   (+5).
   Stlth:     It makes you more stealthy.
 n - a +6 ring of strength (left hand)
 o - a +6 ring of strength (right hand)
 F - the amulet of Teih {Reflect SH+5 SInv}
   (You found it in the Dungeon)

   [amulet of reflection]

   It reflects blocked missile attacks.
   SInv:      It lets you see invisible.
   SH:        It affects your SH (+5).
Wands
 p - a wand of mindburst (4)
 q - a wand of acid (4)
Scrolls
 i - 4 scrolls of blinking
 x - 4 scrolls of amnesia
 y - 7 scrolls of fog
 z - 5 scrolls of identify
 A - 2 scrolls of fear
Potions
 c - a potion of ambrosia
 d - 10 potions of curing
 e - 6 potions of heal wounds
 f - 6 potions of haste
 h - 3 potions of berserk rage
 r - 2 potions of brilliance
 s - 2 potions of invisibility
 t - 4 potions of resistance
 v - 5 potions of magic
 w - 5 potions of might
Miscellaneous
 m - a tin of tremorstones (2/2)
 B - a condenser vane
 C - a phantom mirror
 D - a tin of tremorstones (2/2)
 E - a phial of floods


   Skills:
 + Level 12.9 Fighting
 + Level 11.3 Short Blades
 + Level 11.3 Long Blades
 + Level 12.9 Axes
 + Level 11.3 Maces & Flails
 + Level 11.3 Polearms
 + Level 11.3 Staves
 + Level 11.3 Ranged Weapons
 + Level 11.3 Throwing
 + Level 11.3 Armour
 + Level 12.9 Dodging
 + Level 12.0 Stealth
 + Level 11.3 Shields
 + Level 11.3 Unarmed Combat
 + Level 11.3 Spellcasting
 + Level 9.5 Conjurations
 + Level 9.5 Hexes
 + Level 9.5 Summonings
 + Level 9.5 Necromancy
 + Level 9.5 Translocations
 + Level 9.5 Transmutations
 + Level 9.5 Fire Magic
 + Level 9.5 Ice Magic
 + Level 9.5 Air Magic
 + Level 9.5 Earth Magic
 + Level 9.5 Poison Magic
 + Level 12.2 Invocations
 + Level 11.3 Evocations


You had 32 spell levels left.
You didn't know any spells.
Your spell library contained the following spells:

 Spells                   Type           Power      Damage    Failure   Level
 Beastly Appendage        Tmut           74%        N/A       12%         1
 Shock                    Conj/Air       100%       1d9       12%         1
 Summon Small Mammal      Summ           100%       N/A       12%         1
 Wereblood                Tmut           37%        N/A       19%         2
 Call Canine Familiar     Summ           37%        N/A       36%         3
 Confusing Touch          Hex            37%        N/A       36%         3
 Dazzling Flash           Conj/Hex       74%        N/A       36%         3
 Ignite Poison            Fire/Tmut/Pois 37%        N/A       36%         3
 Kindle Blastsparks       Fire/Tloc/Air  74%        2d16      36%         3
 Ozocubu's Armour         Ice            37%        N/A       36%         3
 Spider Form              Tmut/Pois      37%        N/A       36%         3
 Summon Guardian Golem    Hex/Summ       37%        N/A       36%         3
 Anguish                  Hex/Necr       18%        N/A       77%         4
 Animate Dead             Necr           37%        N/A       77%         4
 Cause Fear               Hex            18%        N/A       77%         4
 Olgreb's Toxic Radiance  Pois           37%        N/A       77%         4
 Summon Ice Beast         Ice/Summ       37%        N/A       77%         4
 Summon Lightning Spire   Summ/Air       37%        N/A       77%         4
 Agony                    Necr           37%        N/A       98%         5
 Alistair's Intoxication  Tmut/Pois      24%        N/A       98%         5
 Borgnjor's Vile Clutch   Necr/Erth      18%        N/A       98%         5
 Silence                  Hex/Air        18%        N/A       98%         5
 Death Channel            Necr           18%        N/A       100%        6
 Summon Cactus Giant      Summ           18%        N/A       100%        6
 Haunt                    Necr/Summ      18%        N/A       100%        7
 Ozocubu's Refrigeration  Ice            18%        4d11      100%        7
 Infestation              Necr           18%        N/A       100%        8
 Dragon's Call            Summ           18%        N/A       100%        9
 Polar Vortex             Ice            18%        N/A       100%        9


Dungeon Overview and Level Annotations

Branches:
Dungeon (1/1)

Altars:
Ashenzari
Cheibriados
Dithmenos
Elyvilon
Fedhas
Gozag
Hepliaklqana
Kikubaaqudgha
Makhleb
Nemelex Xobeh
Okawaru
Qazlal
Ru
Sif Muna
Trog
Uskayaw
Vehumet
Wu Jian
Xom
Yredelemnul
Zin
The Shining One
Jiyva
Lugonu

Annotations:
D 1 transporter


Innate Abilities, Weirdness & Mutations

You have very sharp teeth.
Your uncanny sense of smell can sniff out nearby items.
Your experience applies equally to all skills.


Message History

PTOANNNG!
You block the ice devil's attack.
GONNNNG!
The polar bear bites you but does no damage.
You block the polar bear's attack.
SHROANNG!
The polar bear claws you but does no damage.
The frost giant casts a spell at you. The bolt of cold hits you!!!
Ouch! That really hurt!
* * * LOW HITPOINT WARNING * * *
You feel much better. You block the ice beast's attack.
BOUMMMMG!
The ice devil hits you but does no damage.
The polar bear bites you but does no damage.
You block the polar bear's attack.
PANG!
You block the polar bear's attack.
BONNNG!
You block the ice devil's attack.
PANG!
The frost giant hits you with a +2 battleaxe of freezing!
* * * LOW HITPOINT WARNING * * *
The frost giant freezes you.
* * * LOW HITPOINT WARNING * * *
You feel much better. The ice devil barely misses you.
You block the ice devil's attack.
SHROANNG!
You block the ice beast's attack.
PTOANNNG!
The frost giant points at you and mumbles some strange words.
The bolt of cold hits the ice devil.
The ice devil completely resists.
The bolt of cold hits you!!
* * * LOW HITPOINT WARNING * * *
The polar bear bites you but does no damage.
The polar bear completely misses you.
The polar bear claws you but does no damage.
The frost giant points at you and mumbles some strange words.
The bolt of cold hits you!
You die...

▓....©....
▓▓▓▓▓▓▓▓▓▓▓▓▓▓▓▓▓▓▓▓▓▓
▓...8©8...▓...8©8...▓.
▓..:}.))).▓..}=.|...▓.
▓..)))=:..▓..))=))..▓.
▓.........▓.........▓.
▓....C....▓.........▓.
▓...C4Y○..▓.........▓.
▓..kh@4...▓.........▓.
▓..▓W..▓..▓.........▓.
▓.▓.....▓.▓.........▓.
▓....©....▓....©....▓▓
▓▓▓▓▓▓▓▓▓▓▓▓▓▓▓▓▓▓▓▓▓
∆∆∆∆∆∆∆∆ ∆ ∆∆∆∆∆∆∆∆∆∆∆
∆∆∆∆∆∆∆∆∆∆ ∆∆∆∆∆∆∆∆∆∆∆
∆∆∆∆∆∆∆∆∆∆


You could see 2 frost giants, a polar bear, 2 ice devils, a freezing wraith, a
rime drake and an ice beast.

Vanquished Creatures
  A tentacled starspawn (D)
  A green draconian (D)
  A black draconian (D)
  A deep elf annihilator (D)
  A deep elf high priest (D)
  3 soul eaters (D)
  A deep elf zephyrmancer (D)
  7 draconians (D)
  A cane toad (D)
  A rime drake (D)
  3 merfolk (D)
  Sigmund (D)
  A slime creature (D)
  A spriggan (shapeshifter) (D)
  A yak (D)
  A fire elemental (D)
  2 floating eyes (D)
  3 water moccasins (D)
  Blork the orc (D)
  An earth elemental (D)
  4 bullfrogs (D)
  2 crimson imps (D)
  2 quasits (D)
  3 jellies (D)
  2 iron imps (D)
  Crazy Yiuf (D)
  Jessica (D)
  4 iguanas (D)
  A river rat (D)
  A white imp (D)
  An ufetubus (D)
  A spectral adder (D)
  An adder simulacrum (D)
  A spectral bat (D)
  3 endoplasms (D)
  A jackal (D)
  3 ball python skeletons (D)
  A giant cockroach zombie (D)
  A quokka skeleton (D)
  A starspawn tentacle (D)
68 creatures vanquished.

Vanquished Creatures (others)
  3 starspawn tentacles (D)
3 creatures vanquished.

Grand Total: 71 creatures vanquished

Notes
Turn   | Place    | Note
-------+----------+-------------------------------------------
     0 | D        | PLAYERX the Gnoll Monk began the quest for the Orb.
     0 | D        | Reached XP level 1. HP: 23/23 MP: 1/1
     0 | D        | Found a blossoming altar of Fedhas.
     0 | D        | Found the +6 Majin-Bo {spellvamp, MP+6 Int+6}
     0 | D        | Found the +27 heavy crossbow "Sniper" {heavy, Acc+∞ SInv}
     0 | D        | Found the +10 dark maul {heavy}
     0 | D        | Found the +15 Maxwell's patent armour {-Cast -Tele rElec
                  | Will+ rCorr}
     0 | D        | Found the +18 shield of the Gong {Loud rElec rN+ Will+
                  | EV-5}
     0 | D        | Found the +16 obsidian axe {drain, demonic, Mesm Drain Fly
                  | SInv}
     0 | D        | Found the +7 great mace "Firestarter" {flame, inner flame,
                  | rFlCloud rF++}
     0 | D        | Found the +6 shillelagh "Devastator" {shatter}
     0 | D        | Found the +11 plutonium sword {Contam Stlth-}
     0 | D        | Found the +8 lance "Wyrmbane" {slay drac, rPois rF+ rC+
                  | AC+3}
     0 | D        | Found the +9 sword of Zonguldrok {reap}
     0 | D        | Found the +13 scythe of Curses {drain, curses, Drain}
     0 | D        | Found the +9 sword of Power {lifebolt}
     0 | D        | Found the +7 mace of Variability {chaos, chain chaos}
     0 | D        | Found the +11 Singing Sword {sonic wave}
     0 | D        | Found the +8 storm bow {elec, penet}
    50 | D        | Found a viscous altar of Jiyva.
    50 | D        | Found a hazy altar of Hepliaklqana.
    50 | D        | Found a transporter.
    50 | D        | Found an opulent altar of Gozag.
    50 | D        | Found an ancient bone altar of Kikubaaqudgha.
    50 | D        | Found a corrupted altar of Lugonu.
    65 | D        | Found a burning altar of Makhleb.
    66 | D        | Found an iron altar of Okawaru.
    66 | D        | Found a sparkling altar of Nemelex Xobeh.
    66 | D        | Found a stormy altar of Qazlal.
    66 | D        | Found a sacrificial altar of Ru.
    66 | D        | Found a shimmering blue altar of Sif Muna.
    80 | D        | Found a bloodstained altar of Trog.
    94 | D        | Reached XP level 2. HP: 31/31 MP: 1/5
   112 | D        | Became a worshipper of Makhleb the Destroyer
   112 | D        | Reached * piety under Makhleb
   112 | D        | Reached ** piety under Makhleb
   143 | D        | Entered arena 2.
   143 | D        | Noticed a water moccasin
   143 | D        | Noticed a water moccasin
   143 | D        | Found a transporter.
   148 | D        | Killed a water moccasin
   149 | D        | Reached skill level 5 in Stealth
   149 | D        | Reached XP level 3. HP: 36/36 MP: 6/8
   149 | D        | Reached XP level 4. HP: 43/43 MP: 6/9
   153 | D        | Killed a water moccasin
   154 | D        | Reached XP level 5. HP: 49/49 MP: 6/11
   158 | D        | Got the Omnibus of Summoned Envenoming
   164 | D        | Entered arena 3.
   164 | D        | Noticed a merfolk
   164 | D        | Noticed a merfolk
   164 | D        | Noticed a merfolk
   164 | D        | Found a transporter.
   175 | D        | Killed a merfolk
   176 | D        | Reached skill level 5 in Short Blades
   176 | D        | Reached skill level 5 in Long Blades
   176 | D        | Reached skill level 5 in Maces & Flails
   176 | D        | Reached skill level 5 in Polearms
   176 | D        | Reached skill level 5 in Staves
   176 | D        | Reached skill level 5 in Ranged Weapons
   176 | D        | Reached skill level 5 in Throwing
   176 | D        | Reached skill level 5 in Armour
   176 | D        | Reached skill level 5 in Shields
   176 | D        | Reached skill level 5 in Unarmed Combat
   176 | D        | Reached skill level 5 in Spellcasting
   176 | D        | Reached skill level 5 in Invocations
   176 | D        | Reached skill level 5 in Evocations
   176 | D        | Reached XP level 6. HP: 38/57 MP: 10/14
   176 | D        | Reached XP level 7. HP: 43/63 MP: 10/15
   180 | D        | Killed a merfolk
   180 | D        | Reached *** piety under Makhleb
   181 | D        | Reached skill level 5 in Conjurations
   181 | D        | Reached skill level 5 in Hexes
   181 | D        | Reached skill level 5 in Summonings
   181 | D        | Reached skill level 5 in Necromancy
   181 | D        | Reached skill level 5 in Translocations
   181 | D        | Reached skill level 5 in Transmutations
   181 | D        | Reached skill level 5 in Fire Magic
   181 | D        | Reached skill level 5 in Ice Magic
   181 | D        | Reached skill level 5 in Air Magic
   181 | D        | Reached skill level 5 in Earth Magic
   181 | D        | Reached skill level 5 in Poison Magic
   181 | D        | Killed a merfolk
   182 | D        | Reached XP level 8. HP: 39/71 MP: 11/17
   204 | D        | Entered arena 4.
   204 | D        | Found a transporter.
   208 | D        | Paralysed by a floating eye for 4 turns
   213 | D        | Reached **** piety under Makhleb
   221 | D        | Got the Incunabulum of Algid Hexes
   223 | D        | Got the Encyclopedia of the Retinue
   228 | D        | Entered arena 5.
   228 | D        | Noticed Sigmund
   228 | D        | Noticed Jessica
   228 | D        | Noticed Blork the orc
   228 | D        | Noticed Crazy Yiuf
   228 | D        | Found a transporter.
   230 | D        | Killed Sigmund
   231 | D        | Killed Crazy Yiuf
   234 | D        | Killed Jessica
   234 | D        | Killed Blork the orc
   240 | D        | Got the amulet "Osure" {RegenMP Int+2 Slay+5 Stlth+}
   258 | D        | Entered arena 6.
   258 | D        | Found the +12 pair of quick blades "Gyre" and "Gimble"
                  | {protect}
   258 | D        | Noticed a slime creature
   258 | D        | Found a transporter.
   260 | D        | Reached ***** piety under Makhleb
   265 | D        | Killed a slime creature
   282 | D        | Entered arena 7.
   282 | D        | Noticed a yak
   282 | D        | Noticed a cane toad
   283 | D        | Found a transporter.
   285 | D        | Reached XP level 9. HP: 78/78 MP: 20/20
   285 | D        | Reached ****** piety under Makhleb
   286 | D        | Reached skill level 10 in Fighting
   286 | D        | Reached skill level 10 in Axes
   286 | D        | Reached skill level 10 in Dodging
   286 | D        | Killed a cane toad
   309 | D        | Entered arena 8.
   309 | D        | Noticed a deep elf annihilator
   309 | D        | Noticed a deep elf high priest
   309 | D        | Noticed a deep elf zephyrmancer
   311 | D        | Found a transporter.
   313 | D        | Killed a deep elf zephyrmancer
   320 | D        | Killed a deep elf high priest
   321 | D        | Reached XP level 10. HP: 51/86 MP: 22/22
   331 | D        | Killed a deep elf annihilator
   332 | D        | Reached skill level 10 in Stealth
   332 | D        | Reached skill level 10 in Invocations
   346 | D        | Entered arena 9.
   347 | D        | Found a transporter.
   367 | D        | Got the ring "Eruz" {rN+ rCorr Str-2 SInv}
   371 | D        | Entered arena 10.
   371 | D        | Noticed a tentacled starspawn
   372 | D        | Found a transporter.
   379 | D        | Killed a tentacled starspawn
   410 | D        | Entered arena 11.
   410 | D        | Noticed a draconian
   410 | D        | Noticed a draconian
   410 | D        | Noticed a black draconian
   410 | D        | Noticed a green draconian
   410 | D        | Noticed a draconian
   410 | D        | Noticed a draconian
   410 | D        | Noticed a draconian
   410 | D        | Noticed a draconian
   410 | D        | Noticed a draconian
   412 | D        | Found a transporter.
   420 | D        | Killed a draconian
   420 | D        | Killed a draconian
   421 | D        | Reached skill level 10 in Short Blades
   421 | D        | Reached skill level 10 in Long Blades
   421 | D        | Reached skill level 10 in Maces & Flails
   421 | D        | Reached skill level 10 in Polearms
   421 | D        | Reached skill level 10 in Staves
   421 | D        | Reached skill level 10 in Ranged Weapons
   421 | D        | Reached skill level 10 in Throwing
   421 | D        | Reached skill level 10 in Armour
   421 | D        | Reached skill level 10 in Shields
   421 | D        | Reached skill level 10 in Unarmed Combat
   421 | D        | Reached skill level 10 in Spellcasting
   421 | D        | Reached skill level 10 in Evocations
   421 | D        | Reached XP level 11. HP: 59/95 MP: 23/25
   421 | D        | Killed a green draconian
   421 | D        | Killed a draconian
   422 | D        | Killed a draconian
   422 | D        | Killed a draconian
   423 | D        | Killed a black draconian
   425 | D        | Killed a draconian
   425 | D        | Killed a draconian
   440 | D        | Got the ring of Lucidity {rElec rPois}
   444 | D        | Got the amulet of Teih {Reflect SH+5 SInv}
   448 | D        | Entered arena 12.
   449 | D        | Noticed a soul eater
   449 | D        | Noticed a soul eater
   449 | D        | Noticed a soul eater
   450 | D        | Found a transporter.
   458 | D        | Killed a soul eater
   458 | D        | Killed a soul eater
   462 | D        | Killed a soul eater
   483 | D        | Got the ring of Yhempewe {*Corrode rN++ AC+4 Dex+3 SInv}
   489 | D        | Got Laipoeli's Compendium of the Unholy Tempest
   493 | D        | Entered arena 13.
   493 | D        | Noticed a frost giant
   494 | D        | Noticed a frost giant
   495 | D        | Found a transporter.
   498 | D        | HP: 3/97 [frost giant/bolt of cold (49)]
   500 | D        | Killed from afar by a frost giant

Illustrated notes

Levels and vault maps discovered:
D:        sprint_v [room_start, room_1, room_2, room_3, room_4, room_5, room_6,
          room_7, room_8, room_9, room_10, room_11, room_12, room_13, room_14,
          room_15, room_16, room_17, room_18, room_19, room_20, room_21,
          room_22, room_23, room_24, room_25, room_26, room_27]

Skill      XL: |  1  2  3  4  5  6  7  8  9 10 11 |
---------------+----------------------------------+-----
Fighting       | 7 8 9 10 11 12 | 12.9
Short Blades   | 2 3 4 5 6 7 8 10 11 | 11.3
Long Blades    | 2 3 4 5 6 7 8 10 11 | 11.3
Axes           | 7 8 9 10 11 12 | 12.9
Maces & Flails | 2 3 4 5 6 7 8 10 11 | 11.3
Polearms       | 2 3 4 5 6 7 8 10 11 | 11.3
Staves         | 2 3 4 5 6 7 8 10 11 | 11.3
Ranged Weapons | 2 3 4 5 6 7 8 10 11 | 11.3
Throwing       | 2 3 4 5 6 7 8 10 11 | 11.3
Armour         | 2 3 4 5 6 7 8 10 11 | 11.3
Dodging        | 7 8 9 10 11 12 | 12.9
Shields        | 2 3 4 5 6 7 8 10 11 | 11.3
Unarmed Combat | 2 3 4 5 6 7 8 10 11 | 11.3
Spellcasting   | 2 3 4 5 6 7 8 10 11 | 11.3
Conjurations   | 2 3 4 5 6 7 8 9 |  9.5
Hexes          | 2 3 4 5 6 7 8 9 |  9.5
Summonings     | 2 3 4 5 6 7 8 9 |  9.5
Necromancy     | 2 3 4 5 6 7 8 9 |  9.5
Translocations | 2 3 4 5 6 7 8 9 |  9.5
Transmutations | 2 3 4 5 6 7 8 9 |  9.5
Fire Magic     | 2 3 4 5 6 7 8 9 |  9.5
Ice Magic      | 2 3 4 5 6 7 8 9 |  9.5
Air Magic      | 2 3 4 5 6 7 8 9 |  9.5
Earth Magic    | 2 3 4 5 6 7 8 9 |  9.5
Poison Magic   | 2 3 4 5 6 7 8 9 |  9.5
Invocations    | 2 4 5 7 8 9 10 12 | 12.2
Evocations     | 2 3 4 5 6 7 8 10 11 | 11.3
Stealth        | 5 6 7 8 9 10 12 | 12.0

Action                     |  1- 3 |  4- 6 |  7- 9 | 10-12 || total
---------------------------+-------+-------+-------+-------++-------
  Melee: Double sword      |     5 |     8 |    30 |    35 ||    78
         Bite              |       |     1 |     2 |     4 ||     7
  Evoke: Wand              |       |       |     5 |     1 ||     6
         Tin of tremorston |       |       |       |     1 ||     1
    Use: Potion            |     1 |     1 |       |     3 ||     5
 Armour: Crystal plate arm |     5 |     8 |    21 |    36 ||    70
  Dodge: Dodged            |       |       |       |    10 ||    10
  Block: Kite shield       |    13 |    23 |    43 |    90 ||   169

Table legend: (Time is in decaauts)
 A = Elapsed time spent in this place.
 B = Non-inter-level travel time spent in this place.
 C = Inter-level travel time spent in this place.
 D = Time resting spent in this place.
 E = Time spent auto-exploring this place.
 F = Levels seen in this place.
 G = Mean time per level.
                   A        B        C        D        E       F      G
               +--------+--------+--------+--------+--------+-----+--------+
         Total |    518 |    518 |      0 |      0 |      0 |   1 |  518.0 |
       Dungeon |    518 |    518 |      0 |      0 |      0 |   1 |  518.0 |
               +--------+--------+--------+--------+--------+-----+--------+

Top non-repeatable levels by time:
       D: 518 daAuts
